[Event "FIDE World Cup O10-A 2024"]
[Site "Batumi"]
[Date "2024.06.23"]
[Round "1.1"]
[White "Chakrabarty, Reyaansh"]
[Black "Hummatov, Safa"]
[Result "1-0"]
[ECO "B28"]
[WhiteElo "2185"]
[BlackElo "1693"]
[Annotator "RC"]
[PlyCount "105"]
[EventDate "2024.06.23"]
[EventType "swiss"]
[EventCountry "GEO"]
[SourceTitle "playchess.com"]
[Source "ChessBase"]
[SourceQuality "1"]
[TimeControl "5400+30"]

1. e4 c5 2. Nf3 a6 3. c3 Nf6 4. e5 Nd5 5. Bc4 e6 6. O-O d6 7. Re1 Nb6 8. Bb3 c4 9. Bc2 d5 10. d3 Be7 11. dxc4 Nxc4 12. b3 Nb6 13. Qd4 h5 14. Qf4 Nc6 15. Qg3 g6 16. Ng5 Rg8 17. h4 Qc7 18. Ba3 Bxa3 19. Nxa3 Qe7 20. b4 Nd7 21. f4 b5 22. Nb1 Bb7 23. a4 bxa4 24. Bxa4 Nb6 25. Nh7 Kd8 26. Nf6 Rf8 27. Bxc6 Bxc6 28. Qf2 Qa7 29. Nd2 Nd7 30. Re3 Ke7 31. Nxd7 Bxd7 32. Nb3 Rfc8 33. Nd4 Rc4 34. Ra3 Rac8 35. Kh2 Rxb4 36. Nf5+ gxf5 37. cxb4 Rg8 38. g3 Qb6 39. Qd2 Rc8 40. Re1 Bb5 41. Ra2 Kf8 42. Qd1 Bc4 43. Rb2 Ke7 44. Qxh5 Qd4 45. Qg5+ Kd7 46. Rg2 Qc3 47. Rd1 Qf3 48. Rdd2 Bf1 49. Rgf2 Qe3 50. Qg7 Ke7 51. Qf6+ Ke8 52. Rc2 Bc4 53. h5 1-0

[Event "FIDE World Cup O10-A 2024"]
[Site "Batumi"]
[Date "2024.06.23"]
[Round "1.2"]
[White "Jakhaia, Andria"]
[Black "Shangin, Lev"]
[Result "0-1"]
[ECO "B90"]
[WhiteElo "1652"]
[BlackElo "2031"]
[Annotator "NA RC"]
[PlyCount "62"]
[EventDate "2024.06.23"]
[EventType "swiss"]
[EventCountry "GEO"]
[SourceTitle "playchess.com"]
[Source "ChessBase"]
[SourceQuality "1"]
[TimeControl "5400+30"]

1. e4 c5 2. Nf3 d6 3. d4 cxd4 4. Nxd4 Nf6 5. Nc3 a6 6. Be3 e5 7. Nb3 Be6 8. f3 h5 9. Nd5 Bxd5 10. exd5 Nbd7 11. Be2 g6 12. O-O Bg7 13. c4 O-O 14. Nd2 Kh7 15. Ne4 Nxe4 16. fxe4 Bh6 17. Bf2 Rc8 18. b4 f5 19. exf5 Rxf5 20. Bd3 Rf6 21. Qxh5 Rxc4 22. Qh3 Rcf4 23. Be3 Rh4 24. Qg3 Bxe3+ 25. Qxe3 Rhf4 26. g3 Rxb4 27. Qe2 Kg7 28. Rxf6 Nxf6 29. Bc4 Qb6+ 30. Kh1 Qd4 31. Bb3 Qxa1+ 0-1

[Event "FIDE World Cup O10-A 2024"]
[Site "Batumi"]
[Date "2024.06.23"]
[Round "1.3"]
[White "Ashwath Kaushik"]
[Black "Tsulaia, Giorgi"]
[Result "1-0"]
[ECO "B47"]
[WhiteElo "2029"]
[BlackElo "1646"]
[Annotator "NA RC"]
[PlyCount "77"]
[EventDate "2024.06.23"]
[EventType "swiss"]
[EventCountry "GEO"]
[SourceTitle "playchess.com"]
[Source "ChessBase"]
[SourceQuality "1"]
[TimeControl "5400+30"]

1. e4 c5 2. Nf3 e6 3. d4 cxd4 4. Nxd4 Nc6 5. Nc3 Qc7 6. Qd3 a6 7. Nxc6 bxc6 8. Qg3 Qxg3 9. hxg3 d5 10. g4 Bd6 11. g5 Ne7 12. Be3 c5 13. exd5 exd5 14. Rd1 d4 15. Ne4 Bc7 16. Bc1 Bf5 17. Nxc5 Bb6 18. Na4 Ba5+ 19. Bd2 Bxc2 20. Bxa5 Bxa4 21. Rxd4 Bc6 22. Rdh4 Kd7 23. Rxh7 Rxh7 24. Rxh7 Re8 25. Kd2 Bd5 26. b3 Nf5 27. g4 Nd4 28. Rxg7 Nf3+ 29. Kc3 Re5 30. g6 Ke8 31. Rg8+ Ke7 32. Bb4+ Kf6 33. g7 Rg5 34. Bf8 Ke5 35. Rh8 f6 36. Bc4 Bxc4 37. bxc4 Rxg4 38. g8=Q Rxg8 39. Rxg8 1-0

[Event "FIDE World Cup O10-A 2024"]
[Site "Batumi"]
[Date "2024.06.23"]
[Round "1.4"]
[White "Kalinichenko, German Yu"]
[Black "Safin Safarullakhan"]
[Result "1-0"]
[ECO "B77"]
[WhiteElo "1634"]
[BlackElo "1879"]
[Annotator "NA RC"]
[PlyCount "99"]
[EventDate "2024.06.23"]
[EventType "swiss"]
[EventCountry "GEO"]
[SourceTitle "playchess.com"]
[Source "ChessBase"]
[SourceQuality "1"]
[TimeControl "5400+30"]

1. e4 c5 2. Nf3 d6 3. d4 cxd4 4. Nxd4 Nf6 5. Nc3 g6 6. Be3 Bg7 7. f3 O-O 8. Bc4 Nc6 9. Bb3 Nxd4 10. Bxd4 Be6 11. Qd2 Qa5 12. O-O-O b5 13. Kb1 Rac8 14. Nd5 Qd8 15. Nxf6+ exf6 16. Bxa7 Qc7 17. Be3 Rfd8 18. h4 Bxb3 19. cxb3 b4 20. Rc1 Qa5 21. Rxc8 Rxc8 22. Rc1 Ra8 23. a3 f5 24. Qxb4 Qe5 25. Qc3 Qxc3 26. bxc3 fxe4 27. fxe4 Rxa3 28. Kb2 Ra8 29. Rd1 Be5 30. b4 Rc8 31. Rd3 Kf8 32. Bf2 Rc4 33. Bd4 f5 34. Kb3 Rc7 35. Bxe5 dxe5 36. Rf3 Rf7 37. c4 Ke7 38. c5 Kd7 39. b5 f4 40. Kc4 Ke6 41. c6 h6 42. b6 Kd6 43. c7 Rf8 44. Rd3+ Ke7 45. b7 g5 46. c8=Q Rxc8+ 47. bxc8=Q gxh4 48. Rd7+ Kf6 49. Qf8+ Kg6 50. Qf5# 1-0

[Event "FIDE World Cup O10-A 2024"]
[Site "Batumi"]
[Date "2024.06.23"]
[Round "1.5"]
[White "Guntaka, Aayansh"]
[Black "Obado, Sean Adrich"]
[Result "0-1"]
[ECO "B45"]
[WhiteElo "1872"]
[BlackElo "1631"]
[Annotator "NA RC"]
[PlyCount "50"]
[EventDate "2024.06.23"]
[EventType "swiss"]
[EventCountry "GEO"]
[SourceTitle "playchess.com"]
[Source "ChessBase"]
[SourceQuality "1"]
[TimeControl "5400+30"]

1. e4 c5 2. Nf3 e6 3. d4 cxd4 4. Nxd4 Nf6 5. Nc3 Nc6 6. Nxc6 bxc6 7. e5 Nd5 8. Ne4 Qc7 9. f4 Qb6 10. c4 Bb4+ 11. Ke2 f5 12. Nf2 Ne7 13. Be3 Bc5 14. Bxc5 Qxc5 15. Kf3 g5 16. g3 gxf4 17. gxf4 Ng6 18. Qe2 Qd4 19. Nh3 Rg8 20. Qc2 c5 21. Rd1 Bb7+ 22. Ke2 Nxf4+ 23. Nxf4 Qxf4 24. Bh3 Bf3+ 25. Kd3 Qd4# 0-1

[Event "FIDE World Cup O10-A 2024"]
[Site "Batumi"]
[Date "2024.06.23"]
[Round "1.6"]
[White "Chkhartishvili, Lazare"]
[Black "Aryan Mehta"]
[Result "1/2-1/2"]
[ECO "B52"]
[WhiteElo "1608"]
[BlackElo "1863"]
[Annotator "NA RC"]
[PlyCount "97"]
[EventDate "2024.06.23"]
[EventType "swiss"]
[EventCountry "GEO"]
[SourceTitle "playchess.com"]
[Source "ChessBase"]
[SourceQuality "1"]
[TimeControl "5400+30"]

1. e4 c5 2. Nf3 d6 3. Bb5+ Bd7 4. Bxd7+ Qxd7 5. c4 Nc6 6. O-O g6 7. Nc3 Bg7 8. d3 Nf6 9. h3 O-O 10. Be3 a6 11. Ne1 Rab8 12. a4 Ne8 13. Qd2 Nd4 14. Bxd4 cxd4 15. Nd5 b6 16. a5 bxa5 17. Rxa5 e6 18. Nb4 Qb7 19. Nec2 Nc7 20. Rfa1 Rfd8 21. R1a2 Ra8 22. f4 f5 23. exf5 gxf5 24. Qf2 Rf8 25. c5 dxc5 26. Rxc5 Nb5 27. Qf3 Qd7 28. Qc6 Qxc6 29. Nxc6 Kh8 30. N2b4 Rfc8 31. Rxa6 Rxa6 32. Nxa6 Bf8 33. Rxb5 Rxc6 34. Nb8 Rc1+ 35. Kf2 Bd6 36. g3 Rc2+ 37. Kf3 Rd2 38. Rb3 Bxb8 39. Rxb8+ Kg7 40. Rb3 Kg6 41. g4 h6 42. h4 Kf6 43. g5+ Kg6 44. Kg3 Kh5 45. gxh6 Kxh6 46. Kf3 Kh5 47. Kg3 Kh6 48. Kf3 Kh5 49. Kg3 1/2-1/2

[Event "FIDE World Cup O10-A 2024"]
[Site "Batumi"]
[Date "2024.06.23"]
[Round "1.7"]
[White "Bolashakov, Nurali"]
[Black "Macosay Lopez, Julio David"]
[Result "1-0"]
[ECO "C55"]
[WhiteElo "1843"]
[BlackElo "1607"]
[Annotator "NA RC"]
[PlyCount "107"]
[EventDate "2024.06.23"]
[EventType "swiss"]
[EventCountry "GEO"]
[SourceTitle "playchess.com"]
[Source "ChessBase"]
[SourceQuality "1"]
[TimeControl "5400+30"]

1. e4 e5 2. Nf3 Nc6 3. Bc4 Nf6 4. d3 h6 5. c3 d6 6. Nbd2 g5 7. Nf1 Be6 8. Bb5 Bg7 9. d4 Bd7 10. dxe5 dxe5 11. Ng3 O-O 12. O-O Re8 13. Qe2 a6 14. Ba4 b5 15. Bc2 Qe7 16. Be3 Rad8 17. a4 Rb8 18. b4 Rec8 19. Rfd1 Nd8 20. Bd3 Qe8 21. axb5 axb5 22. Ra5 Nb7 23. Ra7 Nd6 24. Bc5 Bf8 25. Rda1 Kh8 26. h4 g4 27. Nh2 h5 28. Qe3 Bg7 29. Qg5 Qg8 30. Bxd6 cxd6 31. Nxh5 Be6 32. Nxf6 Bxf6 33. Qxf6+ Qg7 34. Qxg7+ Kxg7 35. Rc1 Rc6 36. Nf1 Rbc8 37. Ra3 Rb6 38. Ne3 Kh6 39. Ra5 Rcb8 40. g3 Bd7 41. Nd5 R6b7 42. Ra6 Be6 43. Rxd6 Rc8 44. Rb6 Rxb6 45. Nxb6 Rc6 46. Nd5 Rd6 47. Bxb5 Bxd5 48. exd5 Rxd5 49. c4 Rd2 50. c5 Kg6 51. c6 Kf5 52. c7 Ke4 53. c8=Q Kf3 54. Qf5# 1-0

[Event "FIDE World Cup O10-A 2024"]
[Site "Batumi"]
[Date "2024.06.23"]
[Round "1.8"]
[White "Kiladze, Giorgi"]
[Black "Faramarzi Garousi, Maartia"]
[Result "1/2-1/2"]
[ECO "B22"]
[WhiteElo "1552"]
[BlackElo "1820"]
[Annotator "NA RC"]
[PlyCount "79"]
[EventDate "2024.06.23"]
[EventType "swiss"]
[EventCountry "GEO"]
[SourceTitle "playchess.com"]
[Source "ChessBase"]
[SourceQuality "1"]
[TimeControl "5400+30"]

1. e4 c5 2. c3 Nf6 3. e5 Nd5 4. Nf3 Nc6 5. d4 cxd4 6. cxd4 d6 7. exd6 e6 8. Nc3 Bxd6 9. Nxd5 exd5 10. Bd3 O-O 11. O-O h6 12. a3 Bg4 13. Be3 f5 14. h3 Bh5 15. Be2 Qf6 16. Qb3 Ne7 17. Rac1 b6 18. Qa2 Rad8 19. b4 f4 20. Bd2 Bb8 21. Bc3 Qf7 22. a4 Nf5 23. b5 Rfe8 24. Rfe1 Kh8 25. Qd2 Re4 26. Ne5 Bxe5 27. Bxh5 Qxh5 28. dxe5 Rxe1+ 29. Rxe1 f3 30. Qd1 Nh4 31. g4 Qe8 32. e6 Qe7 33. Qd4 Ng6 34. Re3 Nh4 35. Bb4 Qg5 36. e7 Re8 37. Re5 Qc1+ 38. Re1 Qg5 39. Re5 Qc1+ 40. Re1 1/2-1/2

[Event "FIDE World Cup O10-A 2024"]
[Site "Batumi"]
[Date "2024.06.23"]
[Round "1.9"]
[White "Vyom Malhotra"]
[Black "Eshkol, Idan"]
[Result "1-0"]
[ECO "A07"]
[WhiteElo "1803"]
[BlackElo "1544"]
[Annotator "NA RC"]
[PlyCount "75"]
[EventDate "2024.06.23"]
[EventType "swiss"]
[EventCountry "GEO"]
[SourceTitle "playchess.com"]
[Source "ChessBase"]
[SourceQuality "1"]
[TimeControl "5400+30"]

1. Nf3 d5 2. b3 Nf6 3. Bb2 Bf5 4. g3 e6 5. Bg2 Nbd7 6. O-O c5 7. d3 Qc7 8. Re1 Be7 9. Nbd2 Bg6 10. e4 d4 11. a4 e5 12. Nh4 Bh5 13. f3 O-O 14. Nf5 Bd8 15. Nc4 Nb6 16. Na3 a5 17. Nb5 Qd7 18. Ba3 Qc6 19. Qd2 Bg6 20. Re2 Re8 21. Bh3 Nc8 22. Rf1 Bxf5 23. Bxf5 Ne7 24. Bh3 Ng6 25. Rg2 Bc7 26. Nxc7 Qxc7 27. f4 Ra6 28. f5 Nf8 29. g4 h6 30. g5 Nh5 31. gxh6 g6 32. Qf2 Nf4 33. Rg3 Kh7 34. Bc1 g5 35. Bxf4 gxf4 36. Rg7+ Kxh6 37. Rg4 Nh7 38. Qh4# 1-0

[Event "FIDE World Cup O10-A 2024"]
[Site "Batumi"]
[Date "2024.06.23"]
[Round "1.10"]
[White "Dien James"]
[Black "Mrozowski, Nikodem"]
[Result "0-1"]
[ECO "B23"]
[WhiteElo "1419"]
[BlackElo "1776"]
[Annotator "NA RC"]
[PlyCount "68"]
[EventDate "2024.06.23"]
[EventType "swiss"]
[EventCountry "GEO"]
[SourceTitle "playchess.com"]
[Source "ChessBase"]
[SourceQuality "1"]
[TimeControl "5400+30"]

1. e4 c5 2. Nc3 Nc6 3. f4 g6 4. Nf3 Bg7 5. Bb5 Nd4 6. O-O a6 7. Be2 e6 8. d3 Ne7 9. Na4 b5 10. Nxc5 Qb6 11. Be3 Qxc5 12. Kh1 Qb4 13. c3 Qxb2 14. cxd4 d5 15. e5 Nf5 16. Qd2 Qa3 17. Bf2 h5 18. h4 Bf8 19. Qc2 Bd7 20. Qb3 Qa5 21. Be1 Qd8 22. Bf2 Be7 23. Rac1 Nxh4 24. Nxh4 Bxh4 25. g3 Be7 26. Qc3 Rc8 27. Qb3 h4 28. gxh4 Bxh4 29. Kg2 Bxf2 30. Rxc8 Bxc8 31. Rxf2 Qh4 32. Rf3 Qh1+ 33. Kf2 Rh2+ 34. Ke3 Qc1# 0-1

[Event "FIDE World Cup O10-A 2024"]
[Site "Batumi"]
[Date "2024.06.23"]
[Round "1.11"]
[White "Ramesan, Raunak Amit"]
[Black "TURKI, YOUSEF HATTAN A"]
[Result "1-0"]
[ECO "C02"]
[WhiteElo "1772"]
[BlackElo "1401"]
[Annotator "NA RC"]
[PlyCount "29"]
[EventDate "2024.06.23"]
[EventType "swiss"]
[EventCountry "GEO"]
[SourceTitle "playchess.com"]
[Source "ChessBase"]
[SourceQuality "1"]
[TimeControl "5400+30"]

1. e4 e6 2. d4 d5 3. e5 c5 4. c3 Nc6 5. Nf3 cxd4 6. cxd4 Bb4+ 7. Nc3 Nge7 8. Bd3 Bd7 9. a3 Bxc3+ 10. bxc3 h6 11. Bd2 O-O 12. Qc1 Ng6 13. Bxh6 gxh6 14. Qxh6 Nce7 15. Ng5 1-0

[Event "FIDE World Cup O10-A 2024"]
[Site "Batumi"]
[Date "2024.06.23"]
[Round "1.12"]
[White "Wee, Yu Xi Lyndon"]
[Black "Ismailov, Omarbek"]
[Result "0-1"]
[ECO "B45"]
[WhiteElo "1408"]
[BlackElo "1716"]
[Annotator "NA RC"]
[PlyCount "45"]
[EventDate "2024.06.23"]
[EventType "swiss"]
[EventCountry "GEO"]
[SourceTitle "playchess.com"]
[Source "ChessBase"]
[SourceQuality "1"]
[TimeControl "5400+30"]

1. e4 c5 2. Nf3 Nc6 3. d4 cxd4 4. Nxd4 Nf6 5. Nc3 e6 6. Bc4 Bb4 7. Qd3 Ne5 8. Qe2 Qc7 9. Ndb5 Qc6 10. Bf4 Nxc4 11. a3 Bxc3+ 12. bxc3 Qxb5 13. a4 Qc6 14. f3 O-O 15. O-O d5 16. e5 Nd7 17. Bg3 Qa6 18. f4 Nc5 19. Bh4 Ne4 20. Qg4 Ne3 21. Qf3 Nxf1 22. Rxf1 Nd2 23. Qg3 0-1